 Dungeon Crawl Stone Soup version 0.29.1-1-gd02db6906a (webtiles) character file.

Game seed: 2946734687254990322

246 gzilladon the Chopper (level 6, -15/53 HPs)
             Began as a Hill Orc Monk on Sept 23, 2022.
             Was a Believer of Beogh.
             Killed by an exploding jelly (30 damage)
             ... ignited by their inner flame
             ... on level 5 of the Dungeon.
             The game lasted 00:20:29 (3842 turns).

gzilladon the Chopper (Hill Orc Monk)               Turns: 3842, Time: 00:20:29

Health: -15/53     AC:  9    Str: 16    XL:     6   Next: 11%
Magic:  0/6        EV: 11    Int: 10    God:    Beogh [**....]
Gold:   170        SH:  0    Dex: 13    Spells: 5/5 levels left

rFire   . . .      SeeInvis .   a - +0 hand axe
rCold   . . .      Faith    .   (no shield)
rNeg    . . .      Spirit   +   r - +0 ring mail
rPois   .          Reflect  .   (no helmet)
rElec   .          Harm     .   (no cloak)
rCorr   .          Rampage  .   (no gloves)
Will    .....                   (no boots)
Stlth   +.........              s - amulet of guardian spirit
HPRegen 0.17/turn               h - +4 ring of protection
MPRegen 0.10/turn               (no ring)

@: no status effects
A: no striking features
a: Renounce Religion, Smiting


You were on level 5 of the Dungeon.
You worshipped Beogh.
Beogh was pleased with you.
You visited 1 branch of the dungeon, and saw 5 of its levels.

You collected 170 gold pieces.

Inventory:

Hand Weapons
 a - a +0 hand axe (weapon)
 c - the +7 dagger "Raechoef" {holy, rPois SInv}
   (You found it on level 2 of the Dungeon)

   It has been blessed by the Shining One to cause great damage to the undead
   and demons.
   rPois:     It protects you from poison.
   SInv:      It lets you see invisible.
Missiles
 i - 24 stones (quivered)
 k - 6 poisoned darts
 q - 4 boomerangs
Armour
 b - a +0 robe
 r - a +0 ring mail (worn)
Jewellery
 h - a +4 ring of protection (left hand)
 s - an amulet of guardian spirit (around neck)
Scrolls
 e - a scroll of immolation
 g - 2 scrolls of fog
 n - 2 scrolls of magic mapping {unknown}
Potions
 d - 2 potions of invisibility {unknown}
 f - a potion of heal wounds {unknown}
 j - a potion of degeneration {unknown}
 l - 2 potions of brilliance {unknown}
 m - a potion of lignification {unknown}
 o - 3 potions of flight {unknown}
 p - 3 potions of curing
 t - a potion of magic {unknown}
 u - 2 potions of attraction {unknown}
 v - a potion of resistance {unknown}


   Skills:
 + Level 4.5 Fighting
 + Level 6.5 Axes
 + Level 2.3 Armour
 + Level 3.1 Dodging
 - Level 2.0 Stealth


You had 5 spell levels left.
You didn't know any spells.
Your spell library contained the following spells:

 Spells                   Type           Power      Damage    Failure   Level
 Apportation              Tloc           0%         N/A       56%         1
 Magic Dart               Conj           0%         1d3       56%         1
 Sandblast                Erth           0%         2d4       56%         1
 Summon Small Mammal      Summ           0%         N/A       56%         1
 Call Imp                 Summ           0%         N/A       71%         2
 Passwall                 Tmut/Erth      0%         N/A       71%         2
 Call Canine Familiar     Summ           0%         N/A       91%         3
 Conjure Flame            Conj/Fire      0%         6-21      91%         3
 Gell's Gravitas          Tloc           0%         N/A       91%         3
 Ignite Poison            Fire/Tmut/Pois 0%         N/A       91%         3
 Lesser Beckoning         Tloc           0%         N/A       91%         3
 Mephitic Cloud           Conj/Pois/Air  0%         N/A       91%         3
 Stone Arrow              Conj/Erth      0%         3d7       91%         3
 Summon Guardian Golem    Hex/Summ       0%         N/A       91%         3
 Teleport Other           Tloc           0%         N/A       91%         3
 Sticky Flame             Conj/Fire      0%         2d3       100%        4
 Alistair's Intoxication  Tmut/Pois      0%         N/A       100%        5


Dungeon Overview and Level Annotations

Branches:
Dungeon (5/15)
 Temple: D:4-7

Altars:
Hepliaklqana
Kikubaaqudgha
Okawaru

Shops:
D:1 [   D:4 =

Annotations:
D:4 Grinder


Message History

You hit the orc but do no damage. Something hits you but does no damage.
The orc hits you with a +0 mace. The jelly hits you but does no damage.
The quokka barely misses you. Something hits you but does no damage.
The orc closely misses you. The jelly hits you but does no damage.
You see here a +0 short sword.
You hit the quokka.
The quokka is moderately wounded.
You hit something. You hit the orc.
You kill the orc!
Beogh accepts your kill.
You hit the jelly but do no damage.
Your hands burn!
The quokka bites you but does no damage.
The jelly closely misses you. Something hits you but does no damage.
The quokka barely misses you.
You hit the quokka.
The quokka is severely wounded.
You hit the jelly.
Your hands burn!
You hit something.
An adder comes into view.
Something hits you but does no damage. The jelly misses you.
The quokka bites you but does no damage.
As you read the scroll of immolation, it crumbles to dust.
The creatures around you are filled with an inner flame!
Something hits you but does no damage. The jelly barely misses you.
The quokka bites you but does no damage.
You feel better.
The adder hisses angrily.
The quokka closely misses you. Something hits you. Something freezes you.
The jelly hits you.
You are splashed with acid.
You closely miss the quokka.
The quokka is severely wounded.
You hit the jelly.
Flame seeps out of the jelly.
Your hands burn!
* * * LOW HITPOINT WARNING * * *
You closely miss something.
The quokka bites you but does no damage.
The jelly is engulfed in blazing flames.
Beogh accepts your kill.
The jelly explodes!
The fiery explosion engulfs you!!
Ouch! That really hurt!
You die...

....###....##
#####
#.....## #
#......#
######.#####
#.##.. #
#.##.# .#
#..#.##.#
###..{)..##
#....§@r..#
#....§○##.#
#....§§#
#....S.#
#.....(#
#......#
#.......
#........


You could see an adder (inner flame) and a quokka (inner flame).

Vanquished Creatures
  2 hounds (D:4)
  A jelly (D:5)
  An iguana (D:4)
  An orc wizard (D:4)
  5 adders
  3 worms
  3 dart slugs
  6 orcs
  4 ball pythons
  3 endoplasms
  4 goblins
  8 hobgoblins
  10 jackals
  2 quokkas (D:2)
  8 bats
  3 frilled lizards
  8 kobolds
  6 rats
78 creatures vanquished.

Vanquished Creatures (others)
  2 orcs (D:3)
  A hobgoblin (D:3)
  4 fungi (D:1)
  12 plants (D:1)
19 creatures vanquished.

Grand Total: 97 creatures vanquished

Notes
Turn   | Place    | Note
-------+----------+-------------------------------------------
     0 | D:1      | gzilladon the Hill Orc Monk began the quest for the Orb.
     0 | D:1      | Reached XP level 1. HP: 19/19 MP: 1/1
   337 | D:1      | Reached XP level 2. HP: 27/27 MP: 2/2
   805 | D:1      | Found a faded altar of an unknown god.
   881 | D:1      | Reached XP level 3. HP: 24/33 MP: 3/3
  1229 | D:3      | Became a worshipper of Beogh the Brigand
  1229 | D:3      | Reached * piety under Beogh
  1229 | D:3      | Reached ** piety under Beogh
  1334 | D:3      | Found an iron altar of Okawaru.
  1542 | D:3      | Found an ancient bone altar of Kikubaaqudgha.
  2027 | D:2      | Reached XP level 4. HP: 40/40 MP: 4/4
  2029 | D:2      | Reached skill level 5 in Axes
  2038 | D:2      | Identified the +7 dagger "Raechoef" {holy, rPois SInv}
  2162 | D:1      | Found Soor's Armour Shop.
  2849 | D:4      | Reached skill level 1 in Armour
  2849 | D:4      | Reached XP level 5. HP: 32/47 MP: 5/5
  3211 | D:4      | Noticed Grinder
  3261 | D:4      | Reached skill level 6 in Axes
  3444 | D:4      | Found a sand-covered staircase.
  3480 | D:4      | Reached XP level 6. HP: 46/53 MP: 6/6
  3563 | D:4      | Found Soawaap's Jewellery Shoppe.
  3716 | D:5      | Entered Level 5 of the Dungeon
  3761 | D:5      | Found a hazy altar of Hepliaklqana.
  3842 | D:5      | Killed by an exploding jelly... ignited by their inner
                  | flame

Illustrated notes

Levels and vault maps discovered:
D:1:      dpeg_cavernosity, layout_basic, serial_shops, nicolae_diamond_shop,
          shapermc_ecumenical_altar_mp_ritualfount,
          corexii_item_surrounded_by_moat
D:2:      layout_basic, st_stairs_14, feat_on_display
D:3:      layout_basic, mainiacjoe_overflow_24_doors, okawaru_ov_weapons_minmay
D:4:      layout_rooms, nicolae_ossuary_entry_ruins, serial_shops, shop,
          uniq_grinder
D:5:      layout_basic, lemuel_round_altar, minmay_temple_entry_mist

Skill      XL: |  1  2  3  4  5 |
---------------+----------------+-----
Fighting       | 4 |  4.5
Stealth        | 2 |  2.0
Axes           | 5 6 |  6.5
Dodging        | 3 |  3.1
Armour         | 1 2 |  2.3

Action                   |  1- 3 |  4- 6 || total
-------------------------+-------+-------++-------
Melee: Hand axe          |   167 |   147 ||   314
       Punch             |     1 |     1 ||     2
Throw: Stone             |       |     2 ||     2
Invok: Convert to Beogh  |     1 |       ||     1
  Use: Potion            |     1 |     1 ||     2
       Scroll            |       |     9 ||     9
 Stab: Sleeping          |     4 |       ||     4
Armor: Robe              |    90 |       ||    90
       Ring mail         |    20 |    86 ||   106
Dodge: Dodged            |   159 |   131 ||   290
